 Dungeon Crawl Stone Soup version 0.28.0-53-g5a82cb258f (webtiles) character file.

Game seed: 1354427022940263430

1303 Zeld the Conjurer (level 8, 0/41 HPs)
             Began as a Gargoyle Conjurer on June 2, 2022.
             Was an Initiate of Gozag.
             Slain by a gnoll sergeant
             ... wielding a +0 spear
              (9 damage)
             ... on level 5 of the Dungeon.
             The game lasted 00:06:55 (7389 turns).

Zeld the Conjurer (Gargoyle Conjurer)               Turns: 7389, Time: 00:06:56

Health: 0/41       AC:  7    Str: 11    XL:     8   Next: 57%
Magic:  4/17       EV:  6    Int: 21    God:    Gozag
Gold:   216        SH:  0    Dex:  8    Spells: 0/19 levels left

rFire   . . .      SeeInvis .   m - +2 dagger (venom)
rCold   . . .      Faith    .   (no shield)
rNeg    + . .      Spirit   .   a - +0 robe
rPois   ∞          Reflect  .   (no helmet)
rElec   +          Harm     .   (no cloak)
rCorr   .          Rampage  .   (no gloves)
Will    .....                   (no boots)
Stlth   ++........              (no amulet)
HPRegen 0.13/turn               (no ring)
MPRegen 0.15/turn               (no ring)

@: gold aura, very slightly contaminated, held
A: sickness immunity, AC +5, negative energy resistance 1, electricity
resistance, torment resistance 1, petrification resistance
a: Renounce Religion, Potion Petition, Call Merchant, Bribe Branch


You were on level 5 of the Dungeon.
You worshipped Gozag.
Gozag was aware of your devotion.
You visited 2 branches of the dungeon, and saw 7 of its levels.

You collected 320 gold pieces.
You paid 104 gold pieces to Gozag.

Inventory:

Hand Weapons
 m - a +2 dagger of venom (weapon)
Missiles
 n - 34 bolts
Armour
 a - a +0 robe (worn)
Scrolls
 c - 2 scrolls of identify {unknown}
 d - 4 scrolls of brand weapon {unknown}
 f - a scroll of vulnerability {unknown}
 h - a scroll of enchant weapon {unknown}
 j - a scroll of fog {unknown}
 k - 2 scrolls of blinking {unknown}
 l - a scroll of teleportation {unknown}
 p - a scroll of magic mapping {unknown}
 q - a scroll of noise {unknown}
Potions
 b - 2 potions of lignification {unknown}
 e - 2 potions of degeneration {unknown}
 g - a potion of might {unknown}
 i - 2 potions of curing {unknown}
 o - 2 potions of flight {unknown}


   Skills:
 - Level 1.5 Dodging
 - Level 4.0 Stealth
 * Level 6.2 Spellcasting
 + Level 6.7 Conjurations
 - Level 2.0 Hexes
 - Level 2.0 Translocations
 + Level 1.9 Transmutations
 - Level 2.0 Fire Magic
 - Level 2.0 Poison Magic


You couldn't memorise any spells.
You knew the following spells:

 Your Spells              Type           Power      Damage    Failure   Level
a - Magic Dart            Conj           100%       1d8       1%          1
b - Searing Ray           Conj           68%        2d6       1%          2
c - Fulminant Prism       Conj/Hex       12%        3d9       16%         4
d - Iskenderun's Mystic   Conj/Tloc      24%        2d7       16%         4
r - Irradiate             Conj/Tmut      12%        3d18      41%         5
w - Ignite Poison         Fire/Tmut/Pois 14%        N/A       13%         3

Your spell library contained the following spells:

 Spells                   Type           Power      Damage    Failure   Level
 Foxfire                  Conj/Fire      96%        2x1d8     1%          1
 Static Discharge         Conj/Air       20%        N/A       3%          2
 Sting                    Tmut/Pois      56%        1d5       4%          1
 Conjure Flame            Conj/Fire      24%        6-21      4%          3
 Dazzling Flash           Conj/Hex       48%        N/A       4%          3
 Inner Flame              Hex/Fire       14%        N/A       13%         3
 Flame Wave               Conj/Fire      24%        2d7       16%         4
 Starburst                Conj/Fire      12%        6d5       94%         6
 Maxwell's Capacitive Co  Air            3%         ∞         100%        8


Dungeon Overview and Level Annotations

Branches:
Dungeon (6/15)             Temple (1/1) D:4

Altars:
Ashenzari
Dithmenos
Fedhas
Gozag
Hepliaklqana
Makhleb
Nemelex Xobeh
Okawaru
Ru
Trog
Uskayaw
Wu Jian
Xom
The Shining One

Shops:
D:1 =

Annotations:
D:3 1 runed translucent door, mrw3rdna's ghost, amateur GrEE
D:4 1 runed translucent door, roboicarus's ghost, novice HuWn


Innate Abilities, Weirdness & Mutations

You are immune to sickness and miasma.
Your stone body is resilient. (AC +5)
You are immune to poison.
You resist negative energy. (rN+)
You are resistant to electric shocks. (rElec)
You are resistant to unholy torment.
You are immune to petrification.


Message History

The jackal slams into the rock wall!
The jackal is severely wounded.
The mystic blast hits the hound.
You kill the hound!
The mystic blast hits the gnoll.
The gnoll is almost dead.
The gnoll is knocked back by the mystic blast.
The jackal barks!
Unknown command.
Unknown command.
The gnoll throws a throwing net.
The throwing net hits you.
You become entangled in the net!
The jackal is distracted by your dazzling golden aura.
Things that are here:
7 gold pieces; a throwing net
Casting: Iskenderun's Mystic Blast (quite dangerous; 16% risk of failure)
Confirm with . or Enter, or press ? or * to list all spells.
The spell is quite dangerous to miscast (16% risk of failure)!
Continue anyway?
You miscast Iskenderun's Mystic Blast.
You are very lightly contaminated with residual magic.
Nothing appears to happen.
The jackal barks!
The jackal bites you.
You struggle against the net.
The jackal closely misses you.
The gnoll shaman calls upon its god to speed up the gnoll sergeant.
The gnoll sergeant seems to speed up.
The gnoll sergeant hits you from afar with a +0 spear.
The jackal barely misses you. The gnoll barely misses you.
You struggle against the net.
The gnoll sergeant hits you from afar with a +0 spear.
The jackal completely misses you. The gnoll hits you with a +0 whip.
The gnoll sergeant hits you from afar with a +0 spear.
* * * LOW HITPOINT WARNING * * *
You struggle against the net.
The jackal bites you but does no damage.
The gnoll shaman prays to its god.
The gnoll shaman is healed somewhat.
The gnoll sergeant hits you from afar with a +0 spear!
You die...
Your body crumbles into a pile of gold.

###...$..#........#..# ..
#.......##...##......# ###..
#.... #..............#####....
...###.#.........$####.....#
###.##..#...##..............#
##..<....#.........$$.$....# #
.#.......#..####..$####g...## ..
....##.....##.........##....##...
...####....##..g@hg...##.g...#...
....######.##...h.....##.......#
...#.##<#..##...g.....##..>..###
...........#####...#####......#
..##.......# '...' #).##..###
>..........# '...'. #.....)...
#..........# #...### #.........
...........# ..... #.....###.
........<..## ##.#..## #.


You could see a gnoll sergeant (fast), a gnoll shaman, a gnoll and 2 jackals.

Vanquished Creatures
  A sky beast (D:4)
  2 black bears (D:4)
  An ogre (D:5)
  A necrophage (D:6)
  A kobold brigand (D:6)
  A scorpion (D:4)
  A wyvern skeleton (D:5)
  A water moccasin skeleton (D:4)
  A howler monkey (D:4)
  4 jellies
  2 centaur zombies
  A bullfrog skeleton (D:6)
  An orc priest (D:5)
  A hound (D:5)
  An iguana (D:5)
  An orc wizard (D:4)
  A scorpion zombie (D:5)
  13 gnolls
  4 adders
  A shadow imp (D:5)
  2 adder skeletons (D:4)
  7 orcs
  5 endoplasms
  5 giant cockroaches
  3 goblins
  5 hobgoblins
  5 kobolds
  2 quokkas (D:1)
  7 ball pythons
  4 bats
  4 rats
89 creatures vanquished.

Vanquished Creatures (others)
  A plant (D:1)
1 creature vanquished.

Grand Total: 90 creatures vanquished

Notes
Turn   | Place    | Note
-------+----------+-------------------------------------------
     0 | D:1      | Zeld the Gargoyle Conjurer began the quest for the Orb.
     0 | D:1      | Reached XP level 1. HP: 10/10 MP: 3/3
   354 | D:1      | Reached XP level 2. HP: 14/15 MP: 0/5
   509 | D:1      | Learned a level 2 spell: Searing Ray
   948 | D:1      | Found a faded altar of an unknown god.
  1002 | D:1      | Found Cehyun's Jewellery Shop.
  1300 | D:2      | Reached skill level 1 in Hexes
  1438 | D:2      | Reached XP level 3. HP: 19/19 MP: 2/6
  1485 | D:2      | Got Luada's Reference Book on Transmigration and the Birds
  1510 | D:2      | Reached skill level 1 in Translocations
  2397 | D:3      | Found a runed translucent door.
  2397 | D:3      | Noticed mrw3rdna's ghost (amateur GrEE)
  2504 | D:3      | You fall into a shaft and drop 3 floors!
  2504 | D:6      | Noticed a necrophage
  2524 | D:6      | Reached XP level 4. HP: 15/24 MP: 2/8
  2525 | D:6      | Killed a necrophage
  2526 | D:6      | Reached skill level 5 in Conjurations
  2526 | D:6      | Reached XP level 5. HP: 12/28 MP: 0/9
  2700 | D:5      | Entered Level 5 of the Dungeon
  3003 | D:4      | Reached XP level 6. HP: 32/32 MP: 3/11
  3008 | D:4      | Learned a level 4 spell: Iskenderun's Mystic Blast
  3013 | D:4      | Learned a level 4 spell: Fulminant Prism
  3095 | D:4      | Noticed a black bear
  3129 | D:4      | Killed a black bear
  3472 | D:3      | Learned a level 3 spell: Ignite Poison
  3785 | D:3      | Reached XP level 7. HP: 36/36 MP: 9/13
  4523 | D:4      | Found a runed translucent door.
  4524 | D:4      | Noticed roboicarus's ghost (novice HuWn)
  4545 | D:4      | Reached skill level 5 in Spellcasting
  5019 | D:4      | Found a staircase to the Ecumenical Temple.
  5038 | Temple   | Entered the Ecumenical Temple
  5149 | Temple   | Became a worshipper of Gozag Ym Sagoz the Greedy
  5642 | D:4      | Reached skill level 1 in Fire Magic
  5642 | D:4      | Reached skill level 1 in Poison Magic
  5901 | D:5      | Reached skill level 1 in Transmutations
  5901 | D:5      | Reached XP level 8. HP: 28/41 MP: 10/16
  7262 | D:5      | Learned a level 5 spell: Irradiate
  7389 | D:5      | Slain by a gnoll sergeant

Illustrated notes

Levels and vault maps discovered:
D:1:      matt_arrival_los_fun, layout_basic, serial_shops,
          nicolae_lakefront_shop, shapermc_ecumenical_altar_hornbeckon
D:2:      layout_rooms
D:3:      layout_loops_ring, hellmonk_ghost_happy_afterlife
D:4:      layout_loops_cross, minmay_temple_entry_fiery,
          ebering_ghost_inner_flame, minmay_misc_feat_columns
D:5:      layout_cave_pools, serial_gnoll_camp, gnoll_camp_medium_01,
          gnoll_camp_mini_house, gnoll_camp_mini_loothouse,
          gnoll_camp_mini_shop, gnoll_camp_medium_02, amethyst_killhole
D:6:      layout_basic, mainiacjoe_overflow_six_doors_small, ebering_ghost_xom
Temple:   jpeg_temple_clearing

Skill      XL: |  1  2  3  4  5  6  7  8 |
---------------+-------------------------+-----
Hexes          | 1 2 |  2.0
Translocations | 1 2 |  2.0
Spellcasting   | 3 4 5 6 |  6.2
Conjurations   | 5 6 |  6.7
Stealth        | 3 4 |  4.0
Fire Magic     | 1 2 |  2.0
Poison Magic   | 1 2 |  2.0
Transmutations | 1 |  1.9
Dodging        | |  1.5

Action                   |  1- 3 |  4- 6 |  7- 9 || total
-------------------------+-------+-------+-------++-------
Melee: Unarmed           |    46 |     1 |     7 ||    54
       Punch             |     2 |       |       ||     2
       Dagger            |       |       |    72 ||    72
 Cast: Magic Dart        |    18 |     2 |       ||    20
       Searing Ray       |    25 |    12 |    24 ||    61
       Iskenderun's Myst |       |       |    17 ||    17
 Stab: Sleeping          |     1 |       |       ||     1
Armor: Robe              |    36 |     8 |    50 ||    94
Dodge: Dodged            |    56 |    13 |    86 ||   155
